 Dungeon Crawl Stone Soup version 0.31-a0-1204-ge2c1a860ed (webtiles) character file.

Game seed: 15371368133205100226

47 BapaGohns the Gusty (level 3, -1/16 HPs)
             Began as a Felid Air Elementalist on Dec 12, 2023.
             Slain by an adder (3 damage)
             ... on level 4 of the Dungeon.
             The game lasted 00:04:53 (619 turns).

BapaGohns the Gusty (Felid Air Elementalist)         Turns: 619, Time: 00:04:53

Health: -1/16      AC:  1    Str:  4    XL:     3   Next: 48%
Magic:  7/7        EV: 18    Int: 18    God:
Gold:   41         SH:  0    Dex: 18    Spells: 3/6 levels left
                                        Lives:  0   Deaths: 1

rFire   . . .        (weapon unavailable)
rCold   . . .        (shield unavailable)
rNeg    . . .        (body armour unavailable)
rPois   .            (helmet unavailable)
rElec   .            (cloak unavailable)
rCorr   .            (gloves unavailable)
SInv    +            (boots unavailable)
Will    .....        (no amulet)
Stlth   ++           (no ring)
HPRegen 0.22/turn    (no ring)
MPRegen 0.10/turn

%: no passive effects
@: lethally poisoned (-1 -> -6)
A: very small, claws 1, fangs 3, see invisible, shaggy fur 1, stealthy paws, no
weapons or thrown items, no armour, multi-lived
a: no special abilities


You were on level 4 of the Dungeon.
You visited 1 branch of the dungeon, and saw 4 of its levels.

You collected 41 gold pieces.

Inventory:

Wands
 d - a wand of mindburst (20)
Scrolls
 c - a scroll of vulnerability {unknown}
Potions
 a - a potion of magic
 b - a potion of haste


   Skills:
 + Level 0.1 Fighting
 + Level 3.1 Dodging
 + Level 3.0 Stealth
 + Level 0.3 Unarmed Combat
 + Level 2.4 Spellcasting
 + Level 1.1 Conjurations
 + Level 3.3 Air Magic


You had 3 spell levels left.
You knew the following spells:

 Your Spells              Type           Power      Damage    Failure   Level
a - Shock                 Conj/Air       40%        1d5       7%          1
b - Static Discharge      Conj/Air       20%        3-4/arc   11%         2

Your spell library contained the following spells:

 Spells                   Type           Power      Damage    Failure   Level
 Swiftness                Air            14%        N/A       13%         3
 Airstrike                Air            7%         2d(1-17)  41%         4


Dungeon Overview and Level Annotations

Branches:
Dungeon (4/15)
 Temple: D:4-7

Altars:


Innate Abilities, Weirdness & Mutations

You have sharp claws.
You have razor-sharp teeth.
You have supernaturally acute eyesight. (SInv)
You are covered in fur. (AC +1)
Your paws help you pounce on unaware monsters.
You are incapable of wielding weapons or throwing items.
You cannot wear armour.
You gain extra lives every three experience levels.


Message History

An adder comes into view.
The kobold hits you with a +0 dagger.
You closely miss the kobold. The kobold hits you with a +0 dagger.
You scratch the kobold.
The kobold is moderately wounded.
The kobold completely misses you.
You scratch the kobold. You bite the kobold, but do no damage.
The kobold is severely wounded.
The kobold hits you with a +0 dagger.
You barely miss the kobold. You bite the kobold, but do no damage.
The kobold is severely wounded.
You scratch the kobold but do no damage.
The kobold is severely wounded.
The kobold barely misses you. The adder barely misses you.
You scratch the kobold.
You kill the kobold!
The adder barely misses you. The adder barely misses you. The adder misses you.
Things that are here:
a +0 dagger; 8 poisoned darts; a kobold corpse The adder misses you.
You scratch the adder.
The adder is lightly wounded.
The adder barely misses you. The adder closely misses you.
The adder closely misses you. The adder completely misses you.
You closely miss the adder.
The adder is lightly wounded.
The adder completely misses you. The adder bites you.
You miss the adder.
The adder is lightly wounded.
The adder bites you.
* * * LOW HITPOINT WARNING * * *
You are lethally poisoned!
The adder poisons you!
You scratch the adder but do no damage. You bite the adder.
The adder is moderately wounded.
* * * LOW HITPOINT WARNING * * *
You feel sick. The adder bites you.
You die...

####
....###################+#
.........................
...............!.........
...............)S........
................@........
.........................
.........................
....##################...
.... .. .... . ....


You could see an adder.

Vanquished Creatures
  A gnoll (D:4)
  3 adders
  2 giant cockroaches
  2 jackals (D:3)
  A kobold (D:4)
  A ball python (D:2)
  A frilled lizard (D:2)
11 creatures vanquished.

Notes
Turn   | Place    | Note
-------+----------+-------------------------------------------
     0 | D:1      | BapaGohns the Felid Air Elementalist began the quest for
                  | the Orb.
     0 | D:1      | Reached XP level 1. HP: 9/9 MP: 4/4
   246 | D:2      | Reached XP level 2. HP: 3/13 MP: 4/6
   299 | D:2      | Reached skill level 1 in Conjurations
   488 | D:3      | Learned a level 2 spell: Static Discharge
   562 | D:4      | Reached XP level 3. HP: 9/16 MP: 1/7
   594 | D:4      | Slain by an adder
   619 | D:4      | Slain by an adder

Illustrated notes

Levels and vault maps discovered:
D:1:      dpeg_arrival_stone_temple_mockup, layout_basic, minmay_tromino_v7
D:2:      layout_loops_corners, serial_shops, nicolae_shop_hallway_stairs,
          uniq_crazy_yiuf_cottage
D:3:      layout_basic
D:4:      layout_gridville, nicolae_kikubaaqudgha_miasma_corner,
          nicolae_hepliaklqana_hippocampus, ebering_ghost_reflecting_pool,
          dreamdust_gnoll_farm, uniq_pikel

Skill      XL: |  1  2 |
---------------+-------+-----
Air Magic      | 3 |  3.3
Dodging        | 3 |  3.1
Conjurations   | 1 |  1.1
Stealth        | 3 |  3.0
Fighting       | |  0.1
Unarmed Combat | |  0.3
Spellcasting   | |  2.4

Action                     || total
---------------------------++-------
  Melee: Unarmed           ||    47
         Bite              ||     5
         Punch             ||     1
   Cast: Shock             ||    18
         Static Discharge  ||     1
  Evoke: Wand              ||     2
    Use: Potion            ||     2
 Armour: Skin              ||    27
  Dodge: Dodged            ||    73

Table legend: (Time is in decaauts)
 A = Elapsed time spent in this place.
 B = Non-inter-level travel time spent in this place.
 C = Inter-level travel time spent in this place.
 D = Time resting spent in this place.
 E = Time spent auto-exploring this place.
 F = Levels seen in this place.
 G = Mean time per level.
                   A        B        C        D        E       F      G
               +--------+--------+--------+--------+--------+-----+--------+
         Total |    600 |    586 |     14 |      0 |      0 |   4 |  150.0 |
       Dungeon |    600 |    586 |     14 |      0 |      0 |   4 |  150.0 |
               +--------+--------+--------+--------+--------+-----+--------+

Top non-repeatable levels by time:
     D:3: 187 daAuts
     D:2: 160 daAuts
     D:1: 143 daAuts
     D:4: 108 daAuts
